 Dungeon Crawl Stone Soup version 0.25-a0-1056-g2efb326896 (webtiles) character file.

Game seed: 2907138672449123837, levelgen mode: classic

7737 Amnesiac the Archer (level 11, -2/64 HPs)
             Began as a Deep Elf Fighter on May 13, 2020.
             Was a High Priest of Okawaru.
             Slain by an orc warrior
             ... wielding a +0 hand axe
              (7 damage)
             ... on level 9 of the Dungeon.
             The game lasted 00:32:38 (9367 turns).

Amnesiac the Archer (Deep Elf Fighter)              Turns: 9367, Time: 00:32:38

Health: -2/64      AC: 18    Str: 16    XL:     11   Next: 0%
Magic:  16/16      EV: 14    Int: 12    God:    Okawaru [*****.]
Gold:   495        SH:  0    Dex: 14    Spells: 10/10 levels left

rFire    + . .     SeeInvis +   b - +2 war axe (drain)
rCold    x . .     Gourm    .   (no shield)
rNeg     . . .     Faith    .   j - +4 ring mail
rPois    .         Spirit   .   (helmet restricted)
rElec    .         Reflect  .   N - +1 cloak
rCorr    .         Harm     .   t - +1 pair of gloves
MR       +....                  G - +0 pair of boots
Stlth    +.........             (no amulet)
HPRegen  0.20/turn              v - +3 ring of slaying
MPRegen  0.15/turn              D - ring of Fun {Fire SInv}

@: lethally poisoned (-2 -> -3), very slightly contaminated, invisible
A: horns 1, molten scales 1, dopey 1, MP-powered wands
a: Heroism, Finesse, Renounce Religion


You were on level 9 of the Dungeon.
You worshipped Okawaru.
Okawaru was extremely pleased with you.
You were hungry.

You visited 2 branches of the dungeon, and saw 10 of its levels.
You also visited: Sewer.

You collected 495 gold pieces.

Inventory:

Hand Weapons
 a - a +0 shortbow
 b - a +2 war axe of draining (weapon)
 s - a +1 glaive of flaming
Missiles
 l - 170 arrows
 y - 45 poisoned darts (quivered)
Armour
 j - a +4 ring mail (worn)
 q - +0 acid dragon scales
 t - a +1 pair of gloves (worn)
 G - a +0 pair of boots (worn)
 N - a +1 cloak (worn)
Jewellery
 v - a +3 ring of slaying (left hand)
 D - the ring of Fun (right hand) {Fire SInv}
   (You found it on level 5 of the Dungeon)

   [ring of fire]

   It enhances your fire magic.
   It protects you from fire.
   It makes you vulnerable to cold.
   It lets you see invisible.
Wands
 e - a wand of acid (2)
 r - a wand of random effects (17)
 u - a wand of iceblast (5)
Scrolls
 h - 2 scrolls of remove curse {!r}
 i - 3 scrolls of enchant armour {!r}
 k - a scroll of summoning {!r}
 m - a scroll of acquirement {!r, unknown}
 n - 3 scrolls of teleportation {!r}
 o - a scroll of enchant weapon {!r}
 p - 3 scrolls of fear {!r}
 x - 3 scrolls of magic mapping {!r}
Potions
 c - 3 potions of flight {!q}
 d - a potion of might {!q}
 z - a potion of resistance {!q}
 B - 3 potions of mutation {!q}
 F - a potion of cancellation {!q}
 M - 2 potions of haste {!q}
Comestibles
 f - 20 rations


   Skills:
 - Level 6.2 Fighting
 - Level 2.0 Axes
 * Level 12.4 Bows
 - Level 6.2 Armour
 - Level 6.1 Dodging
   Level 2.4 Shields
 + Level 3.6 Invocations
 - Level 4.0 Evocations


You had 10 spell levels left.
You didn't know any spells.
Your spell library was empty.

Dungeon Overview and Level Annotations

Branches:
Dungeon (9/15)             Temple (1/1) D:4            Lair (0/6) D:9
  Sewer (visited)
    Orc: D:9-12

Altars:
Ashenzari
Cheibriados
Dithmenos
Elyvilon
Fedhas
Gozag
Hepliaklqana
Kikubaaqudgha
Makhleb
Nemelex Xobeh
Okawaru
Qazlal
Ru
Sif Muna
Trog
Uskayaw
Vehumet
Wu Jian
Xom
Yredelemnul
Zin
The Shining One


Innate Abilities, Weirdness & Mutations

You have a pair of small horns on your head.
You are partially covered in molten scales. (AC +2)
You are dopey. (Int -2)
You expend magic power (3 MP) to strengthen your wands.


Message History

The kobold completely misses you. The orc warrior barely misses you.
The orc wizard gestures wildly while chanting.
The orc wizard blinks!
You hit the orc warrior.
The orc warrior is heavily wounded.
The orc warrior misses you.
The orc warrior hits you with a cursed -1 long sword!
* * * LOW HITPOINT WARNING * * *
Unknown command.
Okay, then.
Okay, then.
Really quaff
A - a potion of invisibility {!q}? [Y]es or [N]o only, please.
Really quaff
A - a potion of invisibility {!q}?
You fade into invisibility!
The kobold throws a poisoned dart.
The poisoned dart hits the orc warrior!
The orc warrior is poisoned.
The kobold throws a stone.
The stone misses the orc warrior.
The stone misses you.
You are very lightly contaminated with residual magic.
The kobold throws a poisoned dart.
The poisoned dart misses the orc warrior.
The poisoned dart hits you!
You are poisoned.
You see here a poisoned dart.
You feel sick.
You see here 2 stones.
You feel sick.
You see here a stone.
You feel sick.
You feel sick.
You barely miss the orc warrior. You headbutt the orc warrior.
The orc warrior is almost dead.
The orc warrior dies!
You swing at nothing.
You feel sick.
You slash the kobold!
You kill the kobold!
Okawaru accepts your kill.
You feel sick.
You are feeling hungry.
The kobold throws a stone.
The stone misses you.
Items here: ))) [ †† You swing at nothing.
You feel sick.
You slash the orc warrior! You drain the orc warrior.
You headbutt the orc warrior.
The orc warrior is severely wounded.
The orc warrior closely misses you.
You completely miss the orc warrior.
The orc warrior is severely wounded.
The orc warrior closely misses you. x2
You hit the orc warrior. You drain the orc warrior.
You kill the orc warrior!
Okawaru accepts your kill.
You have reached level 11!
You feel sick.
You hit the kobold. You drain the kobold.
You kill the kobold!
You catch the helpless orc warrior completely off-guard!
You hit the orc warrior.
The orc warrior is heavily wounded.
You feel sick. The orc wizard casts a spell at you.
The magic dart hits the orc warrior.
The orc warrior hits you with a +0 hand axe!
You die...

#.# #.# ###.# #...#
#.### ####.# #....#
#############.######
#oo@....(...........
#o#################.
#(# #... #K# #.##
#.# #.## #K# #...
#(# #.## #o# ###
...oo.oo#


You could see an orc warrior, an orc priest and an orc wizard (fast).

Vanquished Creatures
  Harold (D:6)
  Pikel (D:4)
  The ghost of kMk the Frost Mage, a novice DrIE (D:5)
  Maurice (D:8)
  Maggie (D:9)
  Prince Ribbit (D:8)
  A hornet (D:8)
  Grinder (D:5)
  6 yaks (D:9)
  The ghost of FrogZ the Poker, an amateur MfBe of Trog (D:4)
  Menkaure (D:4)
  3 water moccasins
  4 ice beasts
  A black bear (D:6)
  Purgy (Sewer)
  2 orc warriors (D:9)
  A phantom (D:6)
  2 sky beasts (D:7)
  3 necrophages
  2 ogres (D:7)
  2 slaves
  3 centaurs
  3 big kobolds
  3 bullfrogs
  4 scorpions
  3 wights (D:9)
  3 crimson imps
  A centaur zombie (D:5)
  A jelly (D:5)
  7 hounds
  2 orc wizards
  2 orc priests
  3 bullfrog skeletons
  An iguana (D:6)
  Natasha (thrice) (D:2)
  7 worker ants
  A centaur simulacrum (D:5)
  A bullfrog simulacrum (D:5)
  A hound zombie (D:4)
  2 hound skeletons
  A worker ant zombie (D:5)
  3 gnolls (D:7)
  10 adders
  2 river rats (D:3)
  A hound simulacrum (D:5)
  3 shadow imps
  A white imp (D:5)
  A worker ant simulacrum (D:5)
  An adder skeleton (D:7)
  A worm (D:2)
  4 dart slugs
  5 leopard geckos
  22 orcs
  5 ball pythons
  10 bats
  7 giant cockroaches
  10 hobgoblins
  14 jackals
  A quokka (D:3)
  7 frilled lizards
  7 goblins
  A jackal skeleton (D:4)
  28 kobolds
  A leopard gecko simulacrum (D:5)
  2 leopard gecko zombies (D:5)
  2 quokka skeletons
  A quokka zombie (D:6)
  5 rats
244 creatures vanquished.

Vanquished Creatures (others)
  An orc warrior (D:9)
  2 slaves (D:5)
  A worker ant (D:5)
4 creatures vanquished.

Grand Total: 248 creatures vanquished

Notes
Turn   | Place    | Note
-------+----------+-------------------------------------------
     0 | D:1      | Amnesiac the Deep Elf Fighter began the quest for the Orb.
     0 | D:1      | Reached XP level 1. HP: 13/13 MP: 3/3
   401 | D:1      | Reached skill level 1 in Dodging
   416 | D:1      | Reached XP level 2. HP: 10/18 MP: 4/4
  1060 | D:2      | Reached XP level 3. HP: 19/22 MP: 5/5
  1678 | D:2      | Noticed Natasha
  1690 | D:2      | Killed Natasha
  1690 | D:2      | Reached XP level 4. HP: 14/27 MP: 6/6
  2026 | D:2      | Noticed Natasha
  2035 | D:2      | Killed Natasha
  2040 | D:2      | Noticed Natasha
  2161 | D:2      | Killed Natasha
  2161 | D:2      | Reached XP level 5. HP: 28/32 MP: 7/7
  2311 | D:3      | Found a glowing drain.
  2390 | Sewer    | Entered a sewer
  2423 | Sewer    | Noticed Purgy
  2439 | Sewer    | Killed Purgy
  2439 | Sewer    | Reached skill level 1 in Evocations
  2439 | Sewer    | Reached XP level 6. HP: 13/37 MP: 8/8
  3295 | D:4      | Got a jewelled mace
  3328 | D:4      | Found a staircase to the Ecumenical Temple.
  3337 | Temple   | Entered the Ecumenical Temple
  3378 | Temple   | Became a worshipper of Warmaster Okawaru
  3466 | D:4      | Found a transporter.
  3521 | D:4      | Found a transporter.
  3522 | D:4      | Noticed FrogZ's ghost (amateur MfBe)
  3556 | D:4      | Noticed Menkaure
  3564 | D:4      | Killed Menkaure
  3836 | D:4      | Reached XP level 7. HP: 43/43 MP: 10/10
  4264 | D:4      | Killed FrogZ's ghost
  4325 | D:5      | Entered Level 5 of the Dungeon
  4373 | D:5      | Noticed Pikel
  4444 | D:4      | Killed Pikel
  4444 | D:4      | Reached * piety under Okawaru
  4444 | D:4      | Reached skill level 5 in Fighting
  4444 | D:4      | Reached skill level 5 in Armour
  4444 | D:4      | Reached skill level 5 in Dodging
  4444 | D:4      | Reached XP level 8. HP: 28/49 MP: 12/12
  4599 | D:5      | Gained mutation: Your magical capacity is low. (-10% MP)
                  | [potion of mutation]
  4599 | D:5      | Gained mutation: You are occasionally teleported next to
                  | monsters. [potion of mutation]
  4599 | D:5      | Gained mutation: You expend magic power (3 MP) to
                  | strengthen your wands. [potion of mutation]
  4600 | D:5      | Lost mutation: You expend magic power (3 MP) to strengthen
                  | your wands. [potion of mutation]
  4600 | D:5      | Lost mutation: You are occasionally teleported next to
                  | monsters. [potion of mutation]
  4600 | D:5      | Lost mutation: Your magical capacity is low. (-10% MP)
                  | [potion of mutation]
  4600 | D:5      | Gained mutation: You have a pair of small horns on your
                  | head. [potion of mutation]
  4600 | D:5      | Gained mutation: You are partially covered in molten
                  | scales. (AC +2) [potion of mutation]
  4600 | D:5      | Gained mutation: You are dopey. (Int -2) [potion of
                  | mutation]
  4600 | D:5      | Gained mutation: You expend magic power (3 MP) to
                  | strengthen your wands. [potion of mutation]
  4664 | D:5      | Noticed Grinder
  5031 | D:5      | Found a hazy altar of Hepliaklqana.
  5060 | D:5      | Found a runed translucent gate.
  5060 | D:5      | Found a runed translucent gate.
  5060 | D:5      | Found a runed translucent gate.
  5143 | D:5      | Noticed kMk's ghost (novice DrIE)
  5176 | D:5      | Killed kMk's ghost
  5176 | D:5      | Reached ** piety under Okawaru
  5185 | D:5      | Got a vibrating platinum ring
  5770 | D:6      | Reached XP level 9. HP: 50/55 MP: 14/14
  5784 | D:6      | Identified the +5 mace of Sequestration {freeze, *Drain rC+
                  | MR+++ Int+3} (You found it on level 4 of the Dungeon)
  5879 | D:6      | Reached skill level 1 in Bows
  5883 | D:6      | Reached skill level 2 in Bows
  6096 | D:6      | Reached skill level 3 in Bows
  6339 | D:6      | Reached *** piety under Okawaru
  6622 | D:5      | Killed Grinder
  6622 | D:5      | Reached skill level 4 in Bows
  6679 | D:7      | Received a gift from Okawaru
  6679 | D:7      | Reached skill level 5 in Bows
  6691 | D:7      | Reached skill level 6 in Bows
  6723 | D:7      | Noticed Harold
  7034 | D:7      | Reached skill level 7 in Bows
  7132 | D:7      | Identified the ring of Fun {Fire SInv} (You found it on
                  | level 5 of the Dungeon)
  7270 | D:6      | Killed Harold
  7270 | D:6      | Reached **** piety under Okawaru
  7270 | D:6      | Reached skill level 9 in Bows
  7270 | D:6      | Reached XP level 10. HP: 19/60 MP: 15/15
  7566 | D:7      | Reached skill level 10 in Bows
  7654 | D:7      | Found a snail-covered altar of Cheibriados.
  7738 | D:8      | Noticed Prince Ribbit
  7739 | D:8      | Noticed Maurice
  7769 | D:8      | Paralysed by Maurice for 4 turns
  7775 | D:8      | Killed Maurice
  7775 | D:8      | Received a gift from Okawaru
  8345 | D:8      | Killed Prince Ribbit
  8345 | D:8      | Reached skill level 11 in Bows
  8554 | D:8      | Found a sacrificial altar of Ru.
  8668 | D:8      | Reached ***** piety under Okawaru
  8846 | D:9      | Reached skill level 1 in Invocations
  8993 | D:9      | Noticed Maggie
  9026 | D:9      | Received a gift from Okawaru
  9030 | D:9      | Reached skill level 12 in Bows
  9041 | D:9      | Killed Maggie
  9237 | D:9      | Found a staircase to the Lair.
  9365 | D:9      | Reached XP level 11. HP: 6/64 MP: 16/16
  9367 | D:9      | Slain by an orc warrior

Illustrated notes

Levels and vault maps discovered:
D:1:      lightli_arrival_isolated_outpost, layout_basic
D:2:      layout_loops_corners, chequers_decorated_corner, uniq_natasha
D:3:      layout_basic, first_ration, portal_sewer_entry_a
D:4:      layout_basic, minmay_temple_entry_large_hall,
          gammafunk_ghost_mausoleum, uniq_menkaure
D:5:      layout_basic, marbit_many_paths, gammafunk_ghost_icy, uniq_pikel,
          uniq_grinder
D:6:      layout_basic
D:7:      layout_loops_ring, basic_altar, kennysheep_generic_room_6, uniq_harold
D:8:      layout_loops_ring, nicolae_ru_sacrificial_ziggurat, uniq_maurice,
          uniq_prince_ribbit1
D:9:      layout_basic, lair_entry_dummy, david_orc_4, uniq_maggie
Temple:   kilobyte_greek_temple

Skill      XL: |  1  2  3  4  5  6  7  8  9 10 |
---------------+-------------------------------+-----
Axes           | 2 |  2.0
Dodging        | 1 2 3 4 5 6 |  6.1
Armour         | 3 4 5 6 |  6.2
Fighting       | 3 4 5 6 |  6.2
Evocations     | 1 2 3 4 |  4.0
Bows           | 9 12 | 12.4
Invocations    | 3 |  3.6
Shields        | |  2.4

Action                   |  1- 3 |  4- 6 |  7- 9 | 10-12 || total
-------------------------+-------+-------+-------+-------++-------
Melee: War axe           |   120 |   191 |   178 |   180 ||   669
       Headbutt          |       |       |    43 |    29 ||    72
       Mace              |       |       |   117 |       ||   117
 Fire: Shortbow          |       |       |       |    66 ||    66
Throw: Dart              |       |       |    14 |       ||    14
Evoke: Wand              |       |     6 |     6 |     6 ||    18
  Use: Scroll            |       |     6 |     6 |     1 ||    13
       Potion            |       |       |    10 |     2 ||    12
 Stab: Invisible         |       |       |     1 |     1 ||     2
       Paralysed         |       |       |       |     6 ||     6
  Eat: Chunk             |     3 |     7 |     8 |     7 ||    25
       Ration            |       |       |     1 |       ||     1
Armor: Scale mail        |    21 |       |       |       ||    21
       Ring mail         |    46 |   109 |   141 |    90 ||   386
Dodge: Dodged            |    40 |    91 |   145 |   116 ||   392
Block: Kite shield       |    58 |   121 |   137 |    32 ||   348
       Buckler           |     1 |       |       |       ||     1

Table legend:
 A = Non-vault XP
 B = Vault XP
 C = Vault XP percentage of total XP
 D = Non-vault monster count
 E = Vault monster count
 F = Vault count percentage of total count
                 A         B        C        D         E       F
            +---------+---------+-------+---------+---------+-------
      Total |    6304 |    4749 |  43.0 |     199 |      44 |  18.1
            +---------+---------+-------+---------+---------+-------
        D:1 |      39 |       0 |   0.0 |      21 |       0 |   0.0
        D:2 |     138 |      35 |  20.2 |      27 |       1 |   3.6
        D:3 |      52 |      35 |  40.2 |      20 |       7 |  25.9
        D:4 |     172 |    1010 |  85.4 |      15 |       6 |  28.6
        D:5 |     503 |     872 |  63.4 |      16 |      10 |  38.5
        D:6 |     809 |    1028 |  56.0 |      25 |       1 |   3.8
        D:7 |    1743 |     190 |   9.8 |      35 |       3 |   7.9
        D:8 |     794 |     740 |  48.2 |      12 |       2 |  14.3
        D:9 |    2054 |     702 |  25.5 |      28 |       8 |  22.2
      Sewer |       0 |     137 | 100.0 |       0 |       6 | 100.0
            +---------+---------+-------+---------+---------+-------
